 Dungeon Crawl Stone Soup version 0.17-a0-1508-ge7f3dc3 (webtiles) character file.

24910 urechis the Grappler (level 12, -2/118 HPs)
             Began as a Troll Monk on July 10, 2015.
             Slain by a black mamba (14 damage)
             ... on level 4 of the Lair of Beasts.
             The game lasted 00:43:31 (14391 turns).

urechis the Grappler (Troll Monk)                  Turns: 14391, Time: 00:43:32

Health: -2/118     AC: 12    Str: 26    XL:     12   Next: 84%
Magic:  11/11      EV: 13    Int:  6    God:
Gold:   1096       SH: 11    Dex: 12    Spells: 1 memorised, 9 levels left

rFire  + + .     SeeInvis .       - Unarmed
rCold  x . .     Clarity  .     R - +2 robe {rF+}
rNeg   . . .     SustAt   .     v - +0 shield
rPois  .         Gourm    +     (helmet restricted)
rElec  .         Spirit   .     p - +0 cloak
rCorr  .         Warding  .     (gloves unavailable)
rMut   .         Stasis   .     (boots unavailable)
MR     .....                    (no amulet)
Stlth  ++........               O - ring of fire
                                i - +4 ring of protection

@: about to teleport, not resistant to hostile enchantments, unstealthy
A: unfitting armour, claws 3, fast metabolism 3, gourmand, regeneration 2,
shaggy fur 1, tough skin 2
a: no special abilities


You were on level 4 of the Lair of Beasts.
You were very full.

You visited 2 branches of the dungeon, and saw 16 of its levels.
You also visited: Volcano.

You collected 1096 gold pieces.

Inventory:

Hand weapons
 a - a +0 blowgun
Missiles
 k - 4 curare-tipped needles
 u - 5 javelins
 H - 57 poisoned needles
 I - 4 large rocks (quivered)
 J - 5 throwing nets
 Q - 10 tomahawks
Armour
 p - a +0 cloak (worn)
 v - a +0 shield (worn)
 R - a +2 robe of fire resistance (worn)
 W - a steam dragon hide
Jewellery
 i - a +4 ring of protection (left claw)
 O - a ring of fire (right claw)
Scrolls
 c - 6 scrolls of enchant weapon
 d - 2 scrolls of magic mapping
 e - 2 scrolls of blinking
 g - a scroll of recharging {unknown}
 h - a scroll of immolation {unknown}
 m - a scroll of fog {unknown}
 o - 6 scrolls of remove curse
 y - 2 scrolls of teleportation
 F - 2 scrolls of enchant armour
 N - 2 scrolls of silence
 S - a scroll of fear {unknown}
 U - a scroll of vulnerability {unknown}
 V - a scroll of amnesia {unknown}
Potions
 j - a potion of cure mutation {unknown}
 n - 2 potions of curing
 q - a potion of experience {unknown}
 r - 3 potions of berserk rage
 s - 2 potions of agility {unknown}
 x - 3 potions of cancellation {unknown}
 z - a potion of poison {unknown}
 A - 2 potions of resistance {unknown}
 C - a potion of brilliance {unknown}
 D - 2 potions of haste
 E - a potion of magic {unknown}
 K - a potion of beneficial mutation {unknown}
 L - 2 potions of invisibility
 Y - a potion of ambrosia {unknown}
Books
 t - a Young Poisoner's Handbook

   Spells                             Type                      Level
   a - Sting                          Conjuration/Poison           1
   b - Cure Poison                    Poison                       2
   c - Mephitic Cloud                 Conjuration/Poison/Air       3
   d - Olgreb's Toxic Radiance        Poison                       4
   e - Venom Bolt                     Conjuration/Poison           5
 w - a book of Dreams

   Spells                             Type                      Level
   a - Ensorcelled Hibernation        Hexes/Ice                    2
   b - Phase Shift                    Translocation                5
   c - Shadow Creatures               Summoning                    5
   d - Silence                        Hexes/Air                    5
   e - Mass Confusion                 Hexes                        6
   f - Darkness                       Hexes                        7
 P - a book of Fire

   Spells                             Type                      Level
   a - Ignite Poison                  Fire/Transmutation/Poison    3
   b - Fireball                       Conjuration/Fire             5
   c - Bolt of Fire                   Conjuration/Fire             6
   d - Delayed Fireball               Conjuration/Fire             7
   e - Ring of Flames                 Charms/Fire                  7
 X - a book of Beasts

   Spells                             Type                      Level
   a - Summon Butterflies             Summoning                    1
   b - Call Canine Familiar           Summoning                    3
   c - Summon Ice Beast               Ice/Summoning                4
   d - Summon Mana Viper              Hexes/Summoning              5
   e - Summon Hydra                   Summoning                    7
Comestibles
 b - 9 bread rations
 f - 7 meat rations
 l - 5 fruits
 B - 3 beef jerkies
 G - 6 royal jellies
 M - a slice of pizza


   Skills:
 + Level 7.0 Fighting
 - Level 9.0 Throwing
 + Level 7.1 Dodging
 - Level 1.1 Stealth
 - Level 9.1 Shields
 * Level 12.7 Unarmed Combat


You had 9 spell levels left.
You knew the following spells:

 Your Spells              Type           Power        Failure   Level  Hunger
a - Cure Poison           Pois           #.........   77%         2    ###....


Dungeon Overview and Level Annotations

Branches:
Dungeon (12/15)            Temple (0/1) D:4            Lair (4/8) D:9
  Snake (0/4) Lair:4          Orc (0/4) D:11
  Swamp: Lair:3-6    Shoals: Lair:3-6

Altars:
Cheibriados
Dithmenos
Makhleb
Nemelex Xobeh
Okawaru
Sif Muna
Vehumet
The Shining One

Shops:
D:7 [


Innate Abilities, Weirdness & Mutations

You are too large for most types of armour.
You have claws for hands.
Your metabolism is lightning-fast.
You like to eat raw meat.
You heal very quickly.
You are covered in fur (AC +1).
You have very tough skin (AC +2).


Message History

You are poisoned.
The black mamba poisons you! The black mamba bites you!
* * * LOW HITPOINT WARNING * * *
The ball python bites you but does no damage.
Drink which item? (? for menu, Esc to quit)
You feel better. The water moccasin misses you. The giant frog hits you.
* * * LOW HITPOINT WARNING * * *
You block the black mamba's attack. The black mamba bites you!
* * * LOW HITPOINT WARNING * * *
The water moccasin closely misses you. The ball python barely misses you.
You block the giant frog's attack. The black mamba bites you.
* * * LOW HITPOINT WARNING * * *
You are lethally poisoned!
The black mamba poisons you!
Drink which item? (? for menu, Esc to quit)
You feel better. The black mamba closely misses you.
The giant frog closely misses you.
The black mamba bites you but does no damage.
The black mamba bites you!
You die...

#....................
##...................
#P...P.###.##..#.###P
##..###.#.########
#.#......# #........#
#........#######
.........†#SS.###...
.#......P†.@F†......
........#..SS#.....#
.P#.#.#####.## ..P..
....## ### ..>. ...
)P. .. .. .


You could see 2 black mambas, a water moccasin, a giant frog and a ball python.

Vanquished Creatures
  Josephine (D:11)
  Harold (D:11)
  Erica (D:9)
  Urug (Lair:4)
  A hell knight (Volcano)
  2 hill giants (D:11)
  6 statues (Volcano)
  3 manticores
  3 black mambas
  3 elephants (Lair:3)
  3 spiny frogs
  A kobold demonologist (D:12)
  A komodo dragon (Lair:2)
  A troll (D:10)
  A polar bear (Lair:3)
  Prince Ribbit (D:7)
  11 yaks (Lair:3)
  3 fire bats (Volcano)
  A wyvern (D:10)
  4 wraiths (D:11)
  4 vampire mosquitoes (D:12)
  A basilisk (Lair:3)
  A steam dragon (D:12)
  5 hippogriffs
  A hungry ghost (D:12)
  5 water moccasins
  6 orc warriors
  A hell hound (Volcano)
  4 porcupines
  A wasp (D:12)
  4 sky beasts
  2 black bears
  2 centaurs (D:11)
  4 ice beasts
  13 crocodiles
  10 ogres
  A necrophage (D:7)
  4 big kobolds
  14 giant frogs
  2 wyvern zombies
  A water moccasin skeleton (D:11)
  3 scorpions
  A troll skeleton (D:12)
  3 killer bees (D:8)
  A spriggan skeleton (D:12)
  10 lava snakes (Volcano)
  4 wights (D:9)
  An electric eel (D:12)
  2 crimson imps
  4 orc priests
  2 centaur skeletons
  12 iguanas
  4 jellies
  8 orc wizards
  5 hounds
  A giant frog skeleton (D:4)
  Natasha (thrice) (D:4)
  4 worker ants
  7 sheep (Lair:3)
  2 hound skeletons
  2 worker ant zombies
  9 gnolls
  12 adders
  6 river rats (Lair:3)
  3 shadow imps
  7 oozes
  3 worms
  An adder skeleton (D:4)
  11 giant geckos
  49 orcs
  13 bats
  A bat skeleton (D:4)
  A bat zombie (D:6)
  9 giant cockroaches
  5 goblins
  16 hobgoblins
  24 jackals
  4 quokkas
  A giant gecko skeleton (D:4)
  8 giant newts
  39 kobolds
  A quokka zombie (D:6)
  10 rats
447 creatures vanquished.

Vanquished Creatures (others)
  A swamp drake (D:12)
  A crocodile (D:12)
  2 giant geckos (D:12)
  A fungus (Lair:4)
5 creatures vanquished.

Grand Total: 452 creatures vanquished

Notes
Turn   | Place    | Note
--------------------------------------------------------------
     0 | D:1      | urechis the Troll Monk began the quest for the Orb.
     0 | D:1      | Reached XP level 1. HP: 22/22 MP: 0/0
     1 | D:1      | Found a runed door.
   253 | D:1      | Reached XP level 2. HP: 29/29 MP: 1/1
   891 | D:1      | Reached XP level 3. HP: 36/36 MP: 2/2
  1023 | D:2      | Reached skill level 5 in Unarmed Combat
  1023 | D:2      | Reached XP level 4. HP: 36/44 MP: 3/3
  1358 | D:2      | Found a deep blue altar of Sif Muna.
  1570 | D:2      | Reached XP level 5. HP: 49/53 MP: 4/4
  1747 | D:3      | Found a sparkling altar of Nemelex Xobeh.
  1747 | D:3      | Found a shadowy altar of Dithmenos.
  1748 | D:3      | Found a radiant altar of Vehumet.
  1755 | D:3      | Found a snail-covered altar of Cheibriados.
  1755 | D:3      | Found an iron altar of Okawaru.
  1784 | D:3      | Found a burning altar of Makhleb.
  2516 | D:4      | Noticed an ogre
  2623 | D:4      | Killed an ogre
  2623 | D:4      | Reached skill level 6 in Unarmed Combat
  2623 | D:4      | Reached XP level 6. HP: 31/61 MP: 5/5
  2754 | D:4      | Noticed an ogre
  2763 | D:4      | Killed an ogre
  2813 | D:4      | Found a staircase to the Ecumenical Temple.
  2917 | D:4      | Noticed an ice beast
  2924 | D:4      | Killed an ice beast
  2924 | D:4      | Reached XP level 7. HP: 57/68 MP: 6/6
  2927 | D:4      | Noticed Natasha
  2948 | D:4      | Killed Natasha
  2963 | D:4      | Noticed Natasha
  2969 | D:4      | Killed Natasha
  2998 | D:4      | Noticed Natasha
  3023 | D:4      | Killed Natasha
  3023 | D:4      | Reached skill level 7 in Unarmed Combat
  3319 | D:5      | Entered Level 5 of the Dungeon
  3783 | D:5      | Found a glowing golden altar of the Shining One.
  4124 | D:6      | Reached skill level 8 in Unarmed Combat
  4124 | D:6      | Reached XP level 8. HP: 57/79 MP: 7/7
  4614 | D:7      | Noticed Prince Ribbit
  4681 | D:7      | Killed Prince Ribbit
  4681 | D:7      | Reached skill level 5 in Fighting
  4681 | D:7      | Reached skill level 5 in Dodging
  4681 | D:7      | Reached skill level 1 in Shields
  4829 | D:7      | Found Toal's Antique Armour Shop.
  5118 | D:8      | Reached skill level 9 in Unarmed Combat
  5211 | D:8      | Reached XP level 9. HP: 88/88 MP: 8/8
  5857 | D:9      | Found a staircase to the Lair.
  6416 | D:9      | Noticed Erica
  6430 | D:9      | Killed Erica
  6430 | D:9      | Reached skill level 5 in Shields
  6573 | D:9      | Reached skill level 10 in Unarmed Combat
  6890 | D:10     | Entered Level 10 of the Dungeon
  7291 | D:10     | Reached XP level 10. HP: 88/96 MP: 9/9
  8022 | D:11     | Noticed a hill giant
  8050 | D:11     | HP: 3/96 [hill giant/giant club (8)]
  8051 | D:11     | Killed a hill giant
  8515 | D:11     | Noticed a hill giant
  8525 | D:11     | Killed a hill giant
  8695 | D:11     | Noticed Josephine
  8710 | D:11     | Killed Josephine
  8731 | D:11     | Reached XP level 11. HP: 67/104 MP: 10/10
  8833 | D:11     | Noticed Harold
  8873 | D:11     | Noticed a manticore
  8892 | D:11     | Killed a manticore
  8892 | D:11     | Reached skill level 11 in Unarmed Combat
  9244 | D:11     | Killed Harold
  9250 | D:11     | Found a staircase to the Orcish Mines.
  9590 | D:12     | Found a runed door.
 10251 | D:12     | Found a burning altar of Makhleb.
 10251 | D:12     | Noticed a blizzard demon
 10385 | D:12     | Reached skill level 12 in Unarmed Combat
 10746 | Lair:1   | Entered Level 1 of the Lair of Beasts
 11039 | Lair:1   | Reached skill level 1 in Throwing
 11781 | Lair:2   | Learned a level 2 spell: Cure Poison
 12535 | Lair:3   | Reached XP level 12. HP: 88/115 MP: 11/11
 12565 | Lair:3   | Reached skill level 5 in Throwing
 12925 | Lair:3   | Found a dark tunnel.
 12939 | Volcano  | Entered a volcano
 13480 | Volcano  | HP: 4/115 [manticore (19)]
 13609 | Volcano  | Found a shimmering altar of Xom.
 14128 | Lair:4   | Noticed Urug
 14143 | Lair:4   | Killed Urug
 14369 | Lair:4   | Found a staircase to the Snake Pit.
 14390 | Lair:4   | HP: 3/118 [black mamba (5)]
 14391 | Lair:4   | Slain by a black mamba

Vault maps used:
D:1:      dpeg_arrival_caged_fury
D:2:      lemuel_blue_sif_altar
D:3:      grunt_temple_overflow_open, first_bread
D:4:      minmay_temple_entry_from_below_b, minivault_1,
          minmay_misc_feat_columns, amalloy_card_club, uniq_natasha
D:5:      tso_altar
D:7:      serial_shops, nicolae_shop_stone, uniq_prince_ribbit1
D:9:      lair_0_dummy, uniq_erica
D:10:     special_room
D:11:     orc_0_dummy, uniq_harold, uniq_josephine
D:12:     lemuel_reptile_caves, hangedman_tell_no_tales,
          minmay_misc_feat_more_columns, makhleb_altar_promises_db
Lair:2:   serial_bayou_pond_c, grunt_megastairs_2
Lair:3:   nicolae_volcano_entry_lava_flow, beast_lair_carwin_11,
          infiniplex_staircase_pool_2
Lair:4:   minmay_snake_entry_six_corridors, cheibrodos_lair_caveside_slide,
          uniq_urug
Volcano:  volcano_grotto

Action                   |  1- 3 |  4- 6 |  7- 9 | 10-12 || total
-------------------------+-------+-------+-------+-------++-------
Melee: Unarmed           |    89 |   135 |   381 |   950 ||  1555
 Fire: Blowgun           |       |       |       |     3 ||     3
Evoke: Wand              |       |       |       |     5 ||     5
  Use: Potion            |       |       |     2 |     7 ||     9
       Scroll            |       |       |       |    13 ||    13
 Stab: Sleeping          |     2 |     2 |     8 |     5 ||    17
       Distracted        |       |     1 |       |     1 ||     2
  Eat: Chunk             |    14 |    18 |    36 |    67 ||   135
       Fruit             |       |       |       |     4 ||     4
